 Dungeon Crawl Stone Soup version bcrawl-1.14.1-2-g116eac945c (webtiles) character file.

Game seed: 4068879297682451915

666 KristoblXynda the Cudgeler (level 7, -4/55 HPs)
             Began as an Oni Gladiator on Sept 19, 2019.
             Slain by a gnoll
             ... wielding a +0 halberd
              (6 damage)
             ... on level 4 of the Dungeon.
             The game lasted 00:05:55 (3806 turns).

KristoblXynda the Cudgeler (Oni Gladiator)          Turns: 3806, Time: 00:05:55

Health: -4/55      AC:  8    Str: 17    XL:     7   Next: 57%
Magic:  12/12      EV: 12    Int: 12    God:
Gold:   180        SH:  0    Dex: 12    Spells: 10/10 levels left

rFire    . . .     SeeInvis .   a - +0 flail
rCold    . . .     Gourm    .   (no shield)
rNeg     . . .     Faith    .   u - +0 ring mail
rPois    .         Spirit   .   c - +0 hat
rElec    .         Reflect  .   (no cloak)
rCorr    .         Harm     .   h - +2 pair of gloves
MR       .....                  (no boots)
Stlth    +.........             (no amulet)
HPRegen  0.18/turn              (no ring)
MPRegen  0.13/turn              (no ring)

@: no status effects
A: oni magic, claws 1, fangs 1, horns 1
a: no special abilities


You were on level 4 of the Dungeon.
You were hungry.

You visited 1 branch of the dungeon, and saw 4 of its levels.

You collected 180 gold pieces.

Inventory:

Hand Weapons
 a - a +0 flail (weapon)
Missiles
 e - a throwing net (quivered) {!f}
Armour
 c - a +0 hat (worn)
 h - a +2 pair of gloves (worn)
 u - a +0 ring mail (worn)
Scrolls
 k - a scroll of teleportation
 n - a scroll of noise {unknown}
 o - 3 scrolls of remove curse
 q - a scroll of blinking {unknown}
 r - a scroll of amnesia {unknown}
 s - a scroll of enchant weapon {unknown}
Potions
 d - a potion of lignification {unknown}
 g - 2 potions of haste
 i - a potion of brilliance
 j - 2 potions of magic
 l - a potion of mutation {unknown}
 m - a potion of berserk rage
 p - 2 potions of cancellation
 t - 2 potions of curing
Comestibles
 f - 5 rations {!d}


   Skills:
 - Level 2.0 Fighting
 * Level 6.6 Maces & Flails
 - Level 1.7 Throwing
 + Level 2.5 Armour
 + Level 4.2 Dodging
 + Level 2.2 Spellcasting


You had 10 spell levels left.
You didn't know any spells.
Your spell library contained the following spells:

 Spells                   Type           Power        Failure   Level  Hunger
 Summon Small Mammal      Summ           #...         17%         1    ##.....
 Swiftness                Chrm/Air       #.......     28%         2    ###....
 Vampiric Draining        Necr           #.........   45%         3    ####...


Dungeon Overview and Level Annotations

Branches:
Dungeon (4/12)
 Temple: D:4-7

Altars:
Fedhas
Wu Jian

Annotations:
D:4 2 transporters


Innate Abilities, Weirdness & Mutations

You learn spells by gaining experience, not through books or religion.
You only train spellcasting to practice magic.
You have sharp fingernails.
You have very sharp teeth.
You have a pair of small horns on your head.


Message History

The gnoll hits you from afar with a +0 halberd!
You hit the gnoll but do no damage.
The gnoll is lightly wounded.
The gnoll hits you with a +0 halberd! The gnoll hits you but does no damage.
You barely miss the gnoll.
The gnoll is lightly wounded.
The gnoll hits you with a +0 halberd. The gnoll barely misses you.
You sock the gnoll!
The gnoll is severely wounded.
The gnoll closely misses you.
The gnoll hits you from afar with a +0 halberd!
* * * LOW HITPOINT WARNING * * *
You hit the gnoll. You headbutt the gnoll.
You kill the gnoll!
The gnoll barely misses you. The gnoll hits you with a +0 halberd!
* * * LOW HITPOINT WARNING * * *
You see here a +0 halberd.
You hit the gnoll but do no damage. The gnoll hits you with a +0 halberd.
You die...

# .## ...#
##...## .......
#####....... .#
#..)@g...... ##.#
#
#.#####...###...
.. #.# .#....#.#
##.#########.#...
#........<[..#.#
#..####..[.....#
#..# #.###..### #
#..# #.# #..# #
#..# #.# #..# ##


You could see a gnoll.

Vanquished Creatures
  An orc warrior (D:2)
  An ice beast (D:4)
  A crimson imp (D:2)
  4 orc priests (D:3)
  2 orc wizards (D:3)
  A worker ant (D:4)
  Natasha (twice) (D:3)
  9 adders
  3 gnolls (D:4)
  An adder skeleton (D:4)
  3 worms
  3 dart slugs
  A leopard gecko (D:4)
  9 orcs
  3 bats
  2 giant cockroaches (D:2)
  3 goblins
  8 hobgoblins
  6 jackals (D:3)
  9 kobolds
  3 frilled lizards
  4 rats
79 creatures vanquished.

Notes
Turn   | Place    | Note
-------+----------+-------------------------------------------
     0 | D:1      | KristoblXynda the Oni Gladiator began the quest for the
                  | Orb.
     0 | D:1      | Reached XP level 1. HP: 17/17 MP: 3/3
   112 | D:1      | Reached XP level 2. HP: 13/24 MP: 4/4
   821 | D:2      | Noticed a crimson imp
   839 | D:2      | Reached skill level 4 in Maces & Flails
   839 | D:2      | Reached XP level 3. HP: 26/29 MP: 5/5
   851 | D:2      | Reached skill level 1 in Spellcasting
   851 | D:2      | Reached XP level 4. HP: 25/36 MP: 5/7
  1328 | D:2      | Found an ornate altar of the Wu Jian Council.
  1856 | D:3      | Reached XP level 5. HP: 41/41 MP: 8/8
  1987 | D:3      | Noticed an orc warrior
  2255 | D:3      | Reached skill level 5 in Maces & Flails
  2255 | D:3      | Reached skill level 1 in Armour
  2492 | D:2      | Killed an orc warrior
  2492 | D:2      | Reached XP level 6. HP: 12/48 MP: 10/10
  2914 | D:3      | Noticed Natasha
  2921 | D:3      | Killed Natasha
  3081 | D:3      | Noticed Natasha
  3088 | D:3      | Killed Natasha
  3088 | D:3      | Reached skill level 6 in Maces & Flails
  3132 | D:3      | Reached XP level 7. HP: 50/55 MP: 11/11
  3382 | D:4      | Found a transporter.
  3418 | D:4      | Found a transporter.
  3685 | D:4      | Found a blossoming altar of Fedhas.
  3805 | D:4      | HP: 2/55 [gnoll/+0 halberd (11)]
  3806 | D:4      | Slain by a gnoll

Skill      XL: |  1  2  3  4  5  6  7 |
---------------+----------------------+-----
Maces & Flails | 4 5 6 |  6.6
Dodging        | 3 4 |  4.2
Spellcasting   | 1 2 |  2.2
Armour         | 1 2 |  2.5
Fighting       | |  2.0
Throwing       | |  1.7

Action                   |  1- 3 |  4- 6 |  7- 9 || total
-------------------------+-------+-------+-------++-------
Melee: Flail             |    62 |   157 |    75 ||   294
       Headbutt          |     3 |    28 |    18 ||    49
       Bite              |     4 |    20 |    11 ||    35
Throw: Throwing net      |       |     3 |       ||     3
  Use: Scroll            |       |     4 |     5 ||     9
       Potion            |       |     2 |       ||     2
  Eat: Chunk             |       |     7 |     2 ||     9
Armor: Leather armour    |    21 |    40 |    16 ||    77
       Ring mail         |       |       |     2 ||     2
Dodge: Dodged            |    64 |   119 |    57 ||   240
